 Dungeon Crawl Stone Soup version 0.14-a0-3367-g7c2a7eb (webtiles) character file.

731 4tharraofdagon the Chopper (level 7, -3/66 HPs)
             Began as a Troll Fighter on Mar 19, 2014.
             Was an Initiate of the Shining One.
             Slain by an adder (4 damage)
             ... on Level 5 of the Dungeon.
             The game lasted 00:04:53 (1040 turns).

4tharraofdagon the Chopper (Troll Fighter)          Turns: 1040, Time: 00:04:53

HP  -3/66        AC  6     Str 25      XL: 7   Next: 19%
MP   3/3         EV  8     Int  6      God: the Shining One [......]
Gold 122         SH 17     Dex  9      Spells:  0 memorised,  6 levels left

rFire  . . .     SeeInvis .     a - +0 war axe
rCold  . . .     Clarity  .     b - +1 robe
rNeg   . . .     Conserve .     c - +0 shield
rPois  .         rCorr    .     (helmet restricted)
rElec  .         rRot     .     (no cloak)
SustAb . .       Spirit   .     (gloves unavailable)
rMut   .         Warding  .     (boots unavailable)
Gourm  +         Stasis   .     (no amulet)
MR     .....                    (no ring)
                                (no ring)

@: lethally poisoned, not resistant to hostile enchantments, very unstealthy
A: unfitting armour, claws 3, fast metabolism 3, gourmand, regeneration 2,
saprovore 2, shaggy fur 1, tough skin 2
a: Renounce Religion


You were on level 5 of the Dungeon.
You worshipped the Shining One.
The Shining One was noncommittal.
You were full.

You visited 1 branch of the dungeon, and saw 5 of its levels.

You collected 122 gold pieces.

Inventory:

Hand weapons
 a - a +0,+0 war axe (weapon)
Missiles
 f - 8 needles of confusion
 n - 4 poisoned darts (quivered)
Armour
 b - a +1 robe (worn)
 c - a +0 shield (worn)
Comestibles
 d - 2 meat rations
 o - 2 bread rations
Scrolls
 g - 2 scrolls of magic mapping {unknown}
 h - a scroll of noise {unknown}
 j - a scroll of enchant weapon II {unknown}
 k - a scroll of random uselessness {unknown}
 l - a scroll of remove curse
 m - a scroll of recharging
 q - a scroll of teleportation {unknown}
 r - a scroll of enchant armour
 u - a scroll of blinking {unknown}
Jewellery
 t - an uncursed amulet of resist mutation {unknown}
Potions
 i - a potion of curing {unknown}
 p - a potion of lignification {unknown}
 s - a potion of degeneration {unknown}
 v - a potion of paralysis {unknown}


   Skills:
 - Level 2.4 Fighting
 * Level 6.7 Axes
 - Level 2.4 Dodging
 - Level 2.4 Shields


You had 6 spell levels left.
You didn't know any spells.

Dungeon Overview and Level Annotations

Branches:
Dungeon (5/15)
 Temple: D:4-7

Altars:
Fedhas
Trog
The Shining One


Innate Abilities, Weirdness & Mutations

You are too large for most types of armour.
You have claws for hands.
Your metabolism is lightning-fast.
You like to eat raw meat.
You heal very quickly.
You can eat rotten meat.
You are covered in fur (AC +1).
You have very tough skin (AC +2).


Message History

Unknown command.
Unknown command.
Unknown command.
The adder bites you.
* * * LOW HITPOINT WARNING * * *
Unknown command.
Unknown command.
You miss the adder. The adder closely misses you. The adder bites you.
* * * LOW HITPOINT WARNING * * *
You are poisoned.
The adder poisons you!
Unknown command.
Unknown command.
Your shield prevents you from hitting the worm.
The worm is almost dead.
You hit the adder.
The adder is lightly wounded.
* * * LOW HITPOINT WARNING * * *
You feel sick. The adder bites you.
You die...

#...ā‰ˆā‰ˆ..###
#.......# #..##
#...Pā‰ˆP...#
#......[####...##
#.#######.#
#..............#. #
#.#
#.......##.......
#.#
#####............
#.# #.####.......
#.# #. ###...#.
#.##########. #...#.
#.....P@w..#. ##.##
#####.#..PP#S#.#.#
..#
..........P(......#.
###
##O##....).........#
#.....#.....#.##.##
#.##[.#######.# ..#
. #... .# # #.. ..
#.. ##


You could see a worm and an adder.

Vanquished Creatures
  The ghost of 4tharraofdagon the Chopper, an average TrFi (D:5)
  A centaur (D:5)
  2 ogres (D:5)
  A giant frog zombie (D:5)
  A crimson imp (D:5)
  A centaur zombie (D:5)
  An orc priest (D:5)
  An ogre zombie (D:5)
  A hound skeleton (D:4)
  An orc skeleton (D:5)
  A worm zombie (D:5)
  3 adders
  A giant gecko (D:1)
  An orc (D:4)
  2 giant cockroaches
  4 hobgoblins
  A giant gecko zombie (D:5)
  A giant newt (D:2)
  3 goblins
  A hobgoblin zombie (D:5)
  3 jackals (D:1)
  3 kobolds (D:2)
  A kobold skeleton (D:5)
  3 rats
39 creatures vanquished.

Notes
Turn   | Place    | Note
--------------------------------------------------------------
     0 | D:1      | 4tharraofdagon, the Troll Fighter, began the quest for the Orb.
     0 | D:1      | Reached XP level 1. HP: 22/22 MP: 1/1
   156 | D:1      | Reached XP level 2. HP: 27/29 MP: 1/1
   406 | D:2      | Reached XP level 3. HP: 36/36 MP: 2/2
   416 | D:2      | Found a bloodstained altar of Trog.
   416 | D:2      | Found a glowing golden altar of the Shining One.
   418 | D:2      | Found a blossoming altar of Fedhas.
   456 | D:2      | Became a worshipper of the Shining One
   523 | D:3      | Reached skill level 3 in Axes
   760 | D:5      | Entered Level 5 of the Dungeon
   773 | D:5      | Reached XP level 4. HP: 35/44 MP: 2/2
   871 | D:5      | Reached skill level 4 in Axes
   910 | D:5      | Reached XP level 5. HP: 48/50 MP: 2/2
   939 | D:5      | Noticed 4tharraofdagon's ghost (average TrFi)
   951 | D:5      | Noticed an ogre
   962 | D:5      | Killed 4tharraofdagon's ghost
   962 | D:5      | Reached skill level 5 in Axes
   962 | D:5      | Reached XP level 6. HP: 33/59 MP: 3/3
   972 | D:5      | Killed an ogre
   978 | D:5      | Reached skill level 6 in Axes
  1004 | D:5      | Noticed a centaur
  1005 | D:5      | Noticed an ogre
  1013 | D:5      | Killed a centaur
  1021 | D:5      | Reached XP level 7. HP: 33/66 MP: 3/3
  1030 | D:5      | Killed an ogre
  1034 | D:5      | HP: 2/66 [worm (8)]
  1039 | D:5      | HP: 2/66 [adder (2)]
  1040 | D:5      | Slain by an adder

Action                   |  1- 3 |  4- 6 |  7- 9 || total
-------------------------+-------+-------+-------++-------
Melee: War axe           |    89 |    48 |    14 ||   151
  Use: Scroll            |       |     3 |       ||     3
       Potion            |       |     2 |       ||     2
